 Dungeon Crawl Stone Soup version 0.29.1-1-gd02db6906a (console) character file.

Game seed: 3544579114741505469

2024 om the Cleaver (level 9, 0/111 HPs)
             Began as a Minotaur Berserker on Oct 21, 2022.
             Was an Elder of Trog.
             Succumbed to a killer bee's poison
             ... on level 7 of the Dungeon.
             The game lasted 00:11:27 (7653 turns).

om the Cleaver (Minotaur Berserker)                 Turns: 7653, Time: 00:11:28

Health: 0/111      AC: 11    Str: 25    XL:     9   Next: 3%
Magic:  2/8        EV: 10    Int:  4    God:    Trog [****..]
Gold:   343        SH:  7    Dex: 11    Spells: 8/8 levels left

rFire   . . .      SeeInvis .   y - +0 war axe
rCold   . . .      Faith    .   f - +3 buckler
rNeg    . . .      Spirit   +   u - +0 chain mail
rPois   .          Reflect  .   (helmet restricted)
rElec   .          Harm     .   (no cloak)
rCorr   .          Rampage  .   l - +0 pair of gloves
Will    .....                   (no boots)
Stlth   ..........              k - amulet of guardian spirit
HPRegen 0.28/turn               (no ring)
MPRegen 0.11/turn               (no ring)

@: berserking, lethally poisoned (0 -> -12), very quick
A: horns 2, retaliatory headbutt
a: Renounce Religion, Berserk, Trog's Hand, Brothers in Arms


You were on level 7 of the Dungeon.
You worshipped Trog.
Trog was greatly pleased with you.
You visited 1 branch of the dungeon, and saw 7 of its levels.

You collected 343 gold pieces.

Inventory:

Hand Weapons
 a - a +0 hand axe
 m - a +0 sling
 y - a +0 war axe (weapon)
Missiles
 A - 2 throwing nets (quivered)
Armour
 f - a +3 buckler (worn)
 l - a +0 pair of gloves (worn)
 u - a +0 chain mail (worn)
Jewellery
 j - a ring of ice
 k - an amulet of guardian spirit (around neck)
 C - an amulet of the acrobat
Wands
 i - a wand of mindburst (12)
 o - a wand of paralysis (3)
 t - a wand of flame (19)
 E - a wand of iceblast (11)
Scrolls
 b - 2 scrolls of blinking
 h - 2 scrolls of enchant armour
 q - a scroll of fear {unknown}
 s - 2 scrolls of vulnerability
 v - a scroll of butterflies {unknown}
 w - a scroll of torment
 x - a scroll of magic mapping {unknown}
 z - a scroll of brand weapon {unknown}
Potions
 c - 5 potions of curing
 d - 2 potions of invisibility
 e - 3 potions of heal wounds
 g - a potion of might {unknown}
 n - 2 potions of lignification
 p - a potion of magic {unknown}
 r - a potion of haste
 B - a potion of ambrosia {unknown}
 D - a potion of cancellation {unknown}


   Skills:
 - Level 5.0 Fighting
 + Level 9.8 Axes
 + Level 6.9 Armour
 + Level 6.5 Dodging
 - Level 4.0 Shields


You had 8 spell levels left.
You didn't know any spells.
Your spell library was empty.

Dungeon Overview and Level Annotations

Branches:
Dungeon (7/15)             Temple (0/1) D:5

Altars:
Ashenzari
Elyvilon
Fedhas
Gozag
Kikubaaqudgha
Okawaru
Sif Muna
Trog
Vehumet
Zin


Innate Abilities, Weirdness & Mutations

You have a pair of horns on your head.
You reflexively headbutt those who attack you in melee.


Message History

* * * LOW HITPOINT WARNING * * *
The killer bee stings you but does no damage.
You closely miss the killer bee. Your headbutt misses the killer bee.
The killer bee is lightly wounded.
You feel sick.
The killer bee stings you but does no damage.
You closely miss the killer bee.
The killer bee is lightly wounded.
You feel sick. The killer bee stings you.
* * * LOW HITPOINT WARNING * * *
You block the killer bee's attack.
You miss the killer bee.
The killer bee is lightly wounded.
You feel sick. The killer bee stings you.
* * * LOW HITPOINT WARNING * * *
You closely miss the killer bee. You headbutt the killer bee!
The killer bee is severely wounded.
You feel sick. You block the killer bee's attack.
You miss the killer bee.
The killer bee is severely wounded.
You feel sick. The killer bee stings you.
* * * LOW HITPOINT WARNING * * *
You are lethally poisoned!
The killer bee poisons you! The killer bee stings you.
* * * LOW HITPOINT WARNING * * *
You are more poisoned.
The killer bee poisons you!
You barely miss the killer bee.
The killer bee is severely wounded.
* * * LOW HITPOINT WARNING * * *
You feel very sick. You block the killer bee's attack.
You miss the killer bee.
The killer bee is severely wounded.
* * * LOW HITPOINT WARNING * * *
You feel sick.
The killer bee stings you but does no damage.
You closely miss the killer bee.
The killer bee is severely wounded.
You die...

#..##### #....
#......###....
##.####..#.#..##....
.........#(##.......
##.####.##.#####....
#.##.# #.... #.##.#
#....
###########.#...
#####
.....yy@....#.).
#############...
..... # # #


You could see 2 killer bees.

Vanquished Creatures
  2 water moccasins
  2 sky beasts (D:7)
  An ice beast (D:5)
  A centaur (D:6)
  2 scorpions
  2 bullfrogs (D:6)
  A killer bee (D:7)
  The ghost of Bombi the Sneak, a weakling SpWn (D:3)
  5 hounds
  2 jellies
  6 orc priests
  3 gnoll boudas (D:6)
  Natasha (thrice) (D:3)
  2 iguanas
  8 orc wizards
  Ijyb (D:4)
  15 gnolls
  7 adders
  2 white imps
  2 worms
  5 dart slugs
  16 orcs
  5 bats
  9 endoplasms
  2 giant cockroaches
  7 goblins
  8 hobgoblins
  14 jackals
  6 quokkas
  3 ball pythons
  5 frilled lizards
  8 kobolds
  4 rats
160 creatures vanquished.

Vanquished Creatures (others)
  A bat (D:3)
  A quokka (D:3)
  7 fungi (D:3)
  8 plants
  2 withered plants (D:3)
19 creatures vanquished.

Grand Total: 179 creatures vanquished

Notes
Turn   | Place    | Note
-------+----------+-------------------------------------------
     0 | D:1      | om the Minotaur Berserker began the quest for the Orb.
     0 | D:1      | Reached XP level 1. HP: 19/19 MP: 0/0
   427 | D:1      | Reached XP level 2. HP: 26/27 MP: 1/1
   481 | D:1      | Reached skill level 4 in Axes
   703 | D:1      | Reached ** piety under Trog
   705 | D:1      | Reached XP level 3. HP: 30/33 MP: 2/2
  1881 | D:2      | Reached XP level 4. HP: 37/40 MP: 3/3
  2174 | D:3      | Reached skill level 5 in Axes
  2355 | D:3      | Reached XP level 5. HP: 46/46 MP: 4/4
  2727 | D:3      | Noticed Natasha
  2743 | D:3      | Killed Natasha
  2890 | D:3      | Noticed Natasha
  2904 | D:3      | Killed Natasha
  2904 | D:3      | Reached *** piety under Trog
  2905 | D:3      | Reached skill level 6 in Axes
  3011 | D:3      | Noticed Natasha
  3018 | D:3      | Killed Natasha
  3027 | D:3      | Found a faded altar of an unknown god.
  3114 | D:3      | Found a white marble altar of Elyvilon.
  3129 | D:3      | Found a runed translucent door.
  3130 | D:3      | Noticed Bombi's ghost (weakling SpWn)
  3248 | D:3      | Reached XP level 6. HP: 49/52 MP: 5/5
  3257 | D:3      | Reached skill level 7 in Axes
  3259 | D:3      | Found an ancient bone altar of Kikubaaqudgha.
  3356 | D:3      | Found a radiant altar of Vehumet.
  3372 | D:3      | Found a shimmering blue altar of Sif Muna.
  3475 | D:3      | Killed Bombi's ghost
  3619 | D:4      | Reached skill level 8 in Axes
  3622 | D:4      | Reached XP level 7. HP: 59/59 MP: 6/6
  3741 | D:4      | Found a broken altar of Ashenzari.
  3890 | D:4      | Noticed Ijyb
  3909 | D:4      | Killed Ijyb
  3910 | D:4      | Reached skill level 1 in Shields
  4479 | D:5      | Entered Level 5 of the Dungeon
  4838 | D:5      | Reached skill level 5 in Fighting
  5076 | D:5      | Reached **** piety under Trog
  5191 | D:5      | Found a staircase to the Ecumenical Temple.
  5588 | D:5      | Found a bloodstained altar of Trog.
  5590 | D:5      | Found an iron altar of Okawaru.
  5596 | D:5      | Found a glowing silver altar of Zin.
  5792 | D:6      | Reached XP level 8. HP: 68/68 MP: 7/7
  5905 | D:6      | Reached skill level 5 in Armour
  6074 | D:6      | Reached skill level 5 in Dodging
  6314 | D:6      | Found a blossoming altar of Fedhas.
  6578 | D:6      | Reached skill level 9 in Axes
  7496 | D:7      | Found an opulent altar of Gozag.
  7519 | D:7      | Reached XP level 9. HP: 57/74 MP: 6/8
  7651 | D:7      | HP: 3/111 [poisoned by a killer bee]
  7652 | D:7      | HP: 1/111 [poisoned by a killer bee]
  7653 | D:7      | Succumbed to a killer bee's poison

Illustrated notes

Levels and vault maps discovered:
D:1:      dreamdust_arrival_sigmund_warning, layout_rooms
D:2:      layout_loops_ring
D:3:      minmay_angry_zag, layout_basic, palyth_temple_overflow_mages,
          elyvilon_altar_4, dreamdust_ecumenical_altar_grove,
          gammafunk_ghost_grave, minmay_liquid_box, uniq_natasha
D:4:      layout_loops_ring, ashenzari_conservatory_becter,
          dreamdust_princess_corridor, uniq_ijyb
D:5:      layout_loops_ring, gammafunk_temple_overflow_forgotten,
          minmay_temple_entry_trees, minmay_lizard_king
D:6:      nicolae_BIG_FREAKIN_CUBE, layout_loops_cross,
          fedhas_bush_and_centaur_altar, dk_vineyard_3, minmay_misc_feat_rows
D:7:      minmay_general_purpose_star, layout_basic,
          nicolae_qazlal_scattered_showers,
          mainiacjoe_overflow_concentric_impassable, nicolae_gozag_seed_capital

Skill      XL: |  1  2  3  4  5  6  7  8 |
---------------+-------------------------+-----
Axes           | 4 5 6 8 9 |  9.8
Fighting       | 4 5 |  5.0
Armour         | 3 4 6 |  6.9
Dodging        | 3 4 6 |  6.5
Shields        | 4 |  4.0

Action                   |  1- 3 |  4- 6 |  7- 9 || total
-------------------------+-------+-------+-------++-------
Melee: Hand axe          |    79 |   118 |    69 ||   266
       Headbutt          |     7 |    11 |    28 ||    46
       War axe           |       |       |   189 ||   189
Invok: Berserk           |       |     5 |     5 ||    10
  Use: Scroll            |     3 |     3 |     5 ||    11
       Potion            |       |     1 |     2 ||     3
Armor: Animal skin       |    12 |       |       ||    12
       Ring mail         |    13 |    31 |       ||    44
       Chain mail        |       |       |    75 ||    75
       Scale mail        |       |       |    13 ||    13
Dodge: Dodged            |    57 |    49 |    86 ||   192
Block: Buckler           |    17 |    30 |    96 ||   143
